 Dungeon Crawl Stone Soup version 0.31-a0-167-g1c394c0614 (webtiles) character file.

Game seed: 12195874644966720462

179 qw the Chopper (level 5, -1/32 HPs)
             Began as a Gargoyle Fighter on June 14, 2023.
             Slain by a gnoll sergeant
             ... wielding a +0 spear
              (9 damage)
             ... on level 4 of the Dungeon.
             The game lasted 00:01:19 (2547 turns).

qw the Chopper (Gargoyle Fighter)                   Turns: 2547, Time: 00:01:19

Health: -1/32      AC: 14    Str: 28    XL:     5   Next: 59%
Magic:  5/5        EV: 10    Int:  8    God:
Gold:   123        SH:  4    Dex:  9    Spells: 4/4 levels left

rFire   + . .        Y - +0 war axe
rCold   . . .        c - +0 buckler
rNeg    + . .        b - +0 scale mail
rPois   inf          l - +1 helmet
rElec   +            (no cloak)
rCorr   .            (no gloves)
SInv    .            m - +0 pair of boots
Will    .....        (no amulet) Stlth
                     u - ring of protection from fire
HPRegen 0.25/turn    n - +6 ring of strength
MPRegen 0.09/turn

%: no passive effects
@: no status effects
A: sickness immunity, AC +4, negative energy resistance 1, electricity
resistance, torment resistance 1, petrification resistance
a: no special abilities


You were on level 4 of the Dungeon.
You visited 2 branches of the dungeon, and saw 5 of its levels.

You collected 123 gold pieces.


Innate Abilities, Weirdness & Mutations

You are immune to sickness and miasma.
Your stone body is resilient. (AC +4)
You are immune to poison.
You resist negative energy. (rN+)
You are resistant to electric shocks. (rElec)
You are resistant to unholy torment.
You are immune to petrification.


   Skills:
 - Level 3.2 Fighting
 - Level 5.0 Axes
 - Level 3.2 Armour
 + Level 0.8 Dodging
 - Level 3.2 Shields


You had 4 spell levels left.
You didn't know any spells.
Your spell library was empty.

Inventory:

Hand Weapons
 a - a +0 flail
 s - a +2 mace of holy wrath
 Y - a +0 war axe (weapon)
Missiles
 j - 3 boomerangs (quivered)
Armour
 b - a +0 scale mail (worn)
 c - a +0 buckler (worn)
 l - a +1 helmet (worn)
 m - a +0 pair of boots (worn)
Jewellery
 n - a +6 ring of strength (right hand)
 q - a ring of positive energy
 u - a ring of protection from fire (left hand)
Scrolls
 p - a scroll of identify
Potions
 d - a potion of might
 e - a potion of magic {unknown}
 f - a potion of attraction
 g - 3 potions of haste
 h - a potion of brilliance {unknown}
 i - 2 potions of curing
 k - a potion of degeneration {unknown}
 o - a potion of lignification {unknown}

Dungeon Overview and Level Annotations

Branches:
Dungeon (4/15)             Temple (1/1) D:4

Altars:
Ashenzari
Cheibriados
Dithmenos
Elyvilon
Fedhas
Gozag
Hepliaklqana
Kikubaaqudgha
Makhleb
Qazlal
Sif Muna
Trog
Uskayaw
Wu Jian
Xom
Yredelemnul
Zin
The Shining One


Message History

You block the gnoll's attack.
The gnoll hits you from afar with a +0 spear.
The gnoll sergeant hits you from afar with a +0 spear.
You slash the gnoll!
You kill the gnoll!
You hit the gnoll. The gnoll hits you but does no damage.
The gnoll sergeant closely misses you. The gnoll hits you but does no damage.
Your Axes skill increases to level 5!
You slash the gnoll!
You kill the gnoll!
The gnoll sergeant hits you from afar with a +0 spear.
The gnoll hits you but does no damage. The gnoll barely misses you.
The gnoll sergeant barely misses you.
You see here a +0 spear.
Enter note:
Enter note: You slash the gnoll sergeant!
The gnoll sergeant is heavily wounded.
You hit the gnoll.
The gnoll hits you from afar with a +0 spear.
The gnoll hits you with a +0 club. The gnoll barely misses you.
The gnoll hits you but does no damage.
You barely miss the gnoll sergeant.
The gnoll sergeant is heavily wounded.
You slash the gnoll! x2
You kill the gnoll!
The gnoll hits you but does no damage. The gnoll closely misses you.
The gnoll sergeant barely misses you.
You closely miss the gnoll.
The gnoll is severely wounded.
You hit the gnoll sergeant. The gnoll hits you with a +0 club.
You block the gnoll's attack.
The gnoll sergeant hits you but does no damage.
You barely miss the gnoll.
The gnoll is severely wounded.
You hit the gnoll sergeant. The gnoll hits you with a +0 club.
The gnoll hits you but does no damage.
The gnoll sergeant hits you with a +0 spear!
You die...

##### ##... #
#.... .# ###...#
##..#
###...gg###...#
#....g)@)....#
##...###..####
### ## #.## #..
#.# ########..
#.# ##....#..##
#.# ##.....#..#.
#.####..####.####
#.)##..## #..#
##....## #.##


You could see a gnoll sergeant and 2 gnolls.

Vanquished Creatures
  An orc priest (D:3)
  3 gnolls (D:4)
  3 adders (D:2)
  4 dart slugs
  8 orcs
  6 endoplasms
  6 giant cockroaches
  9 hobgoblins
  2 jackals (D:4)
  7 kobolds
  4 quokkas (D:1)
  5 ball pythons
  6 goblins
  6 rats
70 creatures vanquished.

Notes
Turn   | Place    | Note
-------+----------+-------------------------------------------
     0 | D:1      | qw the Gargoyle Fighter began the quest for the Orb.
     0 | D:1      | Reached XP level 1. HP: 14/14 MP: 1/1
     0 | D:1      | 0 ||| qw: Version: 0.2-a-29-g1fa15c8
     0 | D:1      | 0 ||| qw: Game counter: 4912
     0 | D:1      | 0 ||| qw: Always use a shield: true
     0 | D:1      | 0 ||| qw: God list: Okawaru
     0 | D:1      | 0 ||| qw: Allow faded altars: false
     0 | D:1      | 0 ||| qw: Do Orc after D:15 true
     0 | D:1      | 0 ||| qw: Do second Lair branch before Depths: true
     0 | D:1      | 0 ||| qw: Lair rune preference: random
     0 | D:1      | 0 ||| qw: Plans: Normal, Zot:1-4, Slime:5, God:TSO, Crypt,
                  | Tomb, Abyss, Pan, Hells, Win
     0 | D:1      | 0 ||| PLANNING D:1-11
    18 | D:1      | Reached skill level 2 in Axes
    41 | D:1      | 41 ||| FLEEEEING.
    42 | D:1      | 42 ||| FLEEEEING.
    51 | D:1      | Reached XP level 2. HP: 16/19 MP: 2/2
   167 | D:1      | Reached skill level 3 in Axes
   217 | D:1      | Reached XP level 3. HP: 23/23 MP: 3/3
   223 | D:1      | 223 ||| Stepping ~*~*~tactically~*~*~ (hiding).
   228 | D:1      | 228 ||| Stepping ~*~*~tactically~*~*~ (hiding).
   416 | D:1      | 416 ||| Stepping ~*~*~tactically~*~*~ (stealth).
   425 | D:1      | 425 ||| Stepping ~*~*~tactically~*~*~ (stealth).
   538 | D:1      | 538 ||| DROPPING +0 whip.
   695 | D:1      | 695 ||| UPGRADING to +1 helmet.
   700 | D:1      | 700 ||| UPGRADING to ring of positive energy.
   701 | D:1      | 701 ||| READING scroll labelled QAWIER APPUOTI.
   702 | D:1      | 702 ||| READING scroll labelled XULAXU UFAT.
   703 | D:1      | 703 ||| DRINKING 2 blue potions.
   704 | D:1      | 704 ||| DRINKING 2 emerald potions.
   861 | D:2      | Reached XP level 4. HP: 28/28 MP: 4/4
  1056 | D:2      | Reached skill level 4 in Axes
  1245 | D:2      | 1245 ||| UPGRADING to +0 pair of boots.
  1250 | D:2      | 1250 ||| UPGRADING to +6 ring of strength.
  1251 | D:2      | 1251 ||| READING scroll labelled SAALUA VEXTI KERCH.
  1332 | D:3      | 1332 ||| DROPPING +0 mace.
  1336 | D:3      | 1336 ||| Stepping ~*~*~tactically~*~*~ (hiding).
  1343 | D:3      | Reached XP level 5. HP: 32/32 MP: 5/5
  1387 | D:3      | 1387 ||| Stepping ~*~*~tactically~*~*~ (stealth).
  1388 | D:3      | 1388 ||| Stepping ~*~*~tactically~*~*~ (stealth).
  1497 | D:3      | Found a faded altar of an unknown god.
  1874 | D:3      | 1874 ||| DROPPING orb of wrath.
  1875 | D:3      | 1875 ||| UPGRADING to ring of protection from fire.
  1877 | D:3      | 1877 ||| READING 2 scrolls labelled OTUJIW PANLOX.
  1878 | D:3      | 1878 ||| READING scroll labelled ZILOXTOSTRY.
  1879 | D:3      | 1879 ||| READING scroll labelled LOCAYN IRPHUXZAU.
  1884 | D:3      | 1884 ||| READING 2 scrolls of identify.
  1884 | D:3      | 1884 ||| IDENTIFYING yellow potion
  1885 | D:3      | 1885 ||| DROPPING scroll of fog.
  1917 | D:4      | 1917 ||| Stepping ~*~*~tactically~*~*~ (stealth).
  1933 | D:4      | 1933 ||| Stepping ~*~*~tactically~*~*~ (stealth).
  2034 | D:4      | 2034 ||| Stepping ~*~*~tactically~*~*~ (hiding).
  2035 | D:4      | 2035 ||| Stepping ~*~*~tactically~*~*~ (hiding).
  2085 | D:4      | Found a staircase to the Ecumenical Temple.
  2086 | D:4      | 2086 ||| PLANNING TEMPLE
  2092 | Temple   | Entered the Ecumenical Temple
  2234 | Temple   | 2234 ||| PLANNING D:1-11
  2530 | D:4      | 2530 ||| Stepping ~*~*~tactically~*~*~ (hiding).
  2532 | D:4      | 2532 ||| Stepping ~*~*~tactically~*~*~ (hiding).
  2542 | D:4      | Reached skill level 5 in Axes
  2547 | D:4      | HP: 8/32 [gnoll/+0 club[a gnoll sergeant] (2)]
  2547 | D:4      | Slain by a gnoll sergeant

Levels and vault maps discovered:
D:1:      lemuel_arrival_lava_pool, layout_rooms
D:2:      layout_basic
D:3:      layout_basic, chequers_ecumenical_altar_simple
D:4:      layout_layer_cave, temple_statues, nicolae_shop_firing_range
Temple:   regret_index_temple_mists

Skill      XL: |  1  2  3  4  5 |
---------------+----------------+-----
Axes           | 2 3 4 5 |  5.0
Fighting       | |  3.2
Armour         | |  3.2
Dodging        | |  0.8
Shields        | |  3.2

Action                     |  1- 3 |  4- 6 || total
---------------------------+-------+-------++-------
  Melee: War axe           |    84 |    73 ||   157
  Throw: Boomerang         |       |    38 ||    38
    Use: Scroll            |     2 |     5 ||     7
         Potion            |     2 |       ||     2
 Armour: Scale mail        |    43 |    40 ||    83
  Dodge: Dodged            |    31 |    44 ||    75
  Block: Buckler           |     7 |    17 ||    24

Table legend:
 A = Non-vault XP
 B = Vault XP
 C = Vault XP percentage of total XP
 D = Non-vault monster count
 E = Vault monster count
 F = Vault count percentage of total count
                 A         B        C        D         E       F
            +---------+---------+-------+---------+---------+-------
      Total |     257 |       0 |   0.0 |      70 |       0 |   0.0
            +---------+---------+-------+---------+---------+-------
        D:1 |      54 |       0 |   0.0 |      29 |       0 |   0.0
        D:2 |      66 |       0 |   0.0 |      15 |       0 |   0.0
        D:3 |      67 |       0 |   0.0 |      12 |       0 |   0.0
        D:4 |      70 |       0 |   0.0 |      14 |       0 |   0.0
            +---------+---------+-------+---------+---------+-------
